 Dungeon Crawl Stone Soup version 0.28-a0-535-g6f645e4c1d (webtiles) character file.

Game seed: 11375645496327503031

172 Demosthentine the Poker (level 5, 0/41 HPs)
             Began as a Merfolk Gladiator on Sept 26, 2021.
             Slain by an adder (2 damage)
             ... in a sewer.
             The game lasted 00:03:53 (2908 turns).

Demosthentine the Poker (Merfolk Gladiator)         Turns: 2908, Time: 00:03:54

Health: 0/41       AC:  4    Str: 15    XL:     5   Next: 53%
Magic:  5/5        EV: 14    Int:  7    God:
Gold:   35         SH:  0    Dex: 16    Spells: 4/4 levels left

rFire   . . .      SeeInvis .   a - +0 trident
rCold   . . .      Faith    .   (no shield)
rNeg    . . .      Spirit   .   b - +0 leather armour
rPois   .          Reflect  .   c - +0 helmet
rElec   .          Harm     .   (no cloak)
rCorr   .          Rampage  .   (no gloves)
Will    .....                   (boots currently unavailable)
Stlth   ++........              (no amulet)
HPRegen 0.13/turn               (no ring)
MPRegen 0.09/turn               (no ring)

@: lethally poisoned (0 -> -6), constricted, very quick
A: nimble swimmer 2, mertail
a: no special abilities


You were in a sewer.
You visited 1 branch of the dungeon, and saw 3 of its levels.
You also visited: Sewer.

You collected 35 gold pieces.

Inventory:

Hand Weapons
 a - a +0 trident (weapon)
Missiles
 d - 3 throwing nets (quivered)
Armour
 b - a +0 leather armour (worn)
 c - a +0 helmet (worn)
Wands
 r - a wand of flame (18)
Scrolls
 f - a scroll of acquirement {unknown}
 l - 2 scrolls of teleportation
 m - a scroll of vulnerability {unknown}
 o - a scroll of enchant armour {unknown}
 p - a scroll of brand weapon {unknown}
 q - a scroll of magic mapping {unknown}
Potions
 e - 4 potions of haste {unknown}
 h - 2 potions of might
 i - a potion of lignification {unknown}
 j - a potion of degeneration {unknown}
 k - a potion of mutation {unknown}
 n - a potion of flight {unknown}


   Skills:
 + Level 3.5 Fighting
 + Level 5.7 Polearms
 - Level 2.0 Throwing
 + Level 1.7 Armour
 + Level 5.2 Dodging


You had 4 spell levels left.
You didn't know any spells.
Your spell library was empty.

Dungeon Overview and Level Annotations

Branches:
Dungeon (3/15)              Sewer (1/1)

Altars:


Innate Abilities, Weirdness & Mutations

You are quick and stealthy near water. (Stealth+, EV+, Speed+++)
Your lower body shifts to a powerful aquatic tail in water.


Message History

The adder misses you. The adder bites you but does no damage.
The ball python bites you but does no damage.
The ball python misses you.
You puncture the adder!
You kill the adder!
You feel sick. The rat misses you. The adder bites you but does no damage.
The ball python barely misses you. The ball python completely misses you.
Unknown command.
You feel sick. The rat closely misses you.
Unknown command.
You closely miss the adder.
You feel sick. The adder bites you.
* * * LOW HITPOINT WARNING * * *
You are lethally poisoned!
The adder poisons you!
The ball python bites you but does no damage.
The ball python closely misses you. The rat barely misses you.
The adder closely misses you.
The ball python bites you but does no damage.
The ball python barely misses you.
You closely miss the adder.
* * * LOW HITPOINT WARNING * * *
You feel sick.
The rat splashes around in the water.
The adder barely misses you. The ball python closely misses you. x2
The rat misses you.
Unknown command.
You puncture the adder!
Your tail-slap misses the adder.
The adder is severely wounded.
* * * LOW HITPOINT WARNING * * *
You feel sick. The adder misses you. The ball python closely misses you.
The ball python grabs you. The ball python constricts you. The rat misses you.
The rat barely misses you.
Unknown command.
You hit the adder.
The adder is severely wounded.
* * * LOW HITPOINT WARNING * * *
You feel sick. The adder closely misses you. The ball python misses you.
The ball python constricts you. The rat bites you.
* * * LOW HITPOINT WARNING * * *
The rat splashes around in the water.
The adder bites you.
You die...

....####
####.r....
.......##
##........
#.......#
#.......#
##......##
##......#
##......#
#......#
#..≈.≈.#
##≈≈.≈.#
#≈≈≈≈≈≈#
#≈≈≈≈≈≈#
#≈≈≈≈≈≈#
#≈rr≈≈≈#
#≈≈≈≈#≈#
#@rrr≈≈#
#≈≈≈≈≈≈#
#SS≈≈r≈#
#≈≈≈≈≈≈#
#≈≈Jr≈≈#
#≈≈≈≈≈≈#
##r≈≈≈≈#
#≈≈≈#≈.#
#≈..[≈≈#
#≈≈≈≈≈≈#
#≈..≈≈##
#≈≈≈≈≈≈#
#≈≈≈≈≈≈#
#≈≈†≈≈≈#
#≈≈≈≈≈≈#
#÷≈†≈#≈#
#≈≈≈≈≈≈#


You could see an adder, an endoplasm, a ball python and 8 rats.

Vanquished Creatures
  5 adders
  5 river rats (Sewer)
  A worm (D:2)
  4 dart slugs
  4 bats
  7 endoplasms
  4 giant cockroaches (D:3)
  6 goblins
  6 hobgoblins
  5 quokkas
  6 ball pythons
  2 frilled lizards
  A kobold (D:3)
  19 rats
75 creatures vanquished.

Notes
Turn   | Place    | Note
-------+----------+-------------------------------------------
     0 | D:1      | Demosthentine the Merfolk Gladiator began the quest for the
                  | Orb.
     0 | D:1      | Reached XP level 1. HP: 16/16 MP: 1/1
   180 | D:1      | Reached XP level 2. HP: 23/23 MP: 2/2
   589 | D:1      | Reached XP level 3. HP: 28/28 MP: 3/3
  1088 | D:2      | Found a faded altar of an unknown god.
  1127 | D:2      | Reached skill level 5 in Polearms
  1127 | D:2      | Reached skill level 1 in Armour
  1507 | D:2      | Reached XP level 4. HP: 19/34 MP: 4/4
  2310 | D:3      | Found a glowing drain.
  2330 | Sewer    | Entered a sewer
  2360 | Sewer    | Reached skill level 5 in Dodging
  2511 | Sewer    | Reached XP level 5. HP: 32/41 MP: 5/5
  2908 | Sewer    | HP: 2/41 [rat (3)]
  2908 | Sewer    | Slain by an adder

Illustrated notes

Levels and vault maps discovered:
D:1:      dpeg_arrival_pits, layout_loops_corners, columned_hall_lemuel,
          minmay_misc_feat_iff, st_stairs_5, chequers_hall_statues_corner_a
D:2:      layout_basic, chequers_ecumenical_altar_grove
D:3:      minmay_inner_zag, layout_loops_ring, nicolae_hepliaklqana_hazy_memory,
          gup_sewer_entry_pipe, uniq_robin
Sewer:    sewer_minmay_w

Skill      XL: |  1  2  3  4 |
---------------+-------------+-----
Polearms       | 5 |  5.7
Armour         | 1 |  1.7
Fighting       | 3 |  3.5
Dodging        | 5 |  5.2
Throwing       | |  2.0

Action                   |  1- 3 |  4- 6 || total
-------------------------+-------+-------++-------
Melee: Trident           |   113 |   130 ||   243
       Tailslap          |       |     6 ||     6
  Use: Scroll            |     3 |     1 ||     4
       Potion            |       |     1 ||     1
 Stab: Sleeping          |     3 |     3 ||     6
       Distracted        |       |     1 ||     1
Armor: Leather armour    |    21 |    27 ||    48
Dodge: Dodged            |    53 |   159 ||   212

Table legend: (Time is in decaauts)
 A = Elapsed time spent in this place.
 B = Non-inter-level travel time spent in this place.
 C = Inter-level travel time spent in this place.
 D = Time resting spent in this place.
 E = Time spent auto-exploring this place.
 F = Levels seen in this place.
 G = Mean time per level.
                   A        B        C        D        E       F      G
               +--------+--------+--------+--------+--------+-----+--------+
         Total |   2882 |   2766 |    116 |    104 |   2152 |   4 |  720.5 |
       Dungeon |   2331 |   2215 |    116 |      0 |   1830 |   3 |  777.0 |
         Sewer |    550 |    550 |      0 |    104 |    321 |   1 |  550.0 |
               +--------+--------+--------+--------+--------+-----+--------+

Top non-repeatable levels by time:
     D:2: 1288 daAuts
     D:1: 923 daAuts
   Sewer: 550 daAuts
     D:3: 120 daAuts
